 Dungeon Crawl Stone Soup version 0.32-a0-485-g70f7560b1c (webtiles) character file.

Game seed: 11830926029122620255

44632 sleeves the Black Belt (level 14, -15/88 HPs)
             Began as a Tengu Shapeshifter on Feb 27, 2024.
             Was the Champion of Cheibriados.
             Killed from afar by a rime drake (28 damage)
             ... with an icy flash freeze
             ... on level 5 of the Lair of Beasts.
             The game lasted 00:38:14 (16157 turns).

sleeves the Black Belt (Tengu Shapeshifter)        Turns: 16157, Time: 00:38:15

Health: -15/88     AC:  8    Str: 42    XL:     14   Next: 29%
Magic:  0/17       EV: 30    Int: 27    God:    Cheibriados [******]
Gold:   664        SH: 15    Dex: 28    Spells: 13/13 levels left

rFire   . .          .
                       - Unarmed
rCold   . . .        I - +2 kite shield
rNeg    + + .        y - +0 ring mail "Cyurch" {rN+ Slay+3}
rPois   +            V - +1 hat {Stlth+}
rElec   .            H - +0 cloak of the Thistle {Fly rPois rN+ Dex-4}
rCorr   .            j - +0 pair of gloves
SInv    .            (boots unavailable)
Will    +....        v - amulet of guardian spirit
Stlth   +++          h - +6 ring of strength
HPRegen 0.34/turn    q - +6 ring of strength
MPRegen 0.15/turn

%: acrobat, guardian spirit
@: about to teleport, flying, very slow
A: beak, talons 3, evasive flight, acrobatic
a: Renounce Religion, Bend Time, Temporal Distortion, Slouch, Step From Time


You were on level 5 of the Lair of Beasts.
You worshipped Cheibriados.
Cheibriados was exalted by your worship.
You visited 3 branches of the dungeon, and saw 17 of its levels.

You collected 915 gold pieces.
You spent 251 gold pieces at shops.

Inventory:

Hand Weapons
 G - a +1 dagger of venom
   (You took it off an orc wizard on level 6 of the Dungeon)
Missiles
 p - 30 poisoned darts (quivered)
 B - 3 throwing nets
 F - 7 curare-tipped darts
Armour
 j - a +0 pair of gloves (worn)
   (You found it on level 2 of the Dungeon)
 s - a +2 leather armour of fire resistance
   (You found it on level 3 of the Dungeon)
 y - the +0 ring mail "Cyurch" (worn) {rN+ Slay+3}
   (You took it off a gnoll bouda on level 4 of the Dungeon)

   Slay+3:    It affects your accuracy & damage with ranged weapons and melee
   (+3).
   rN+:       It protects you from negative energy.
 H - the +0 cloak of the Thistle (worn) {Fly rPois rN+ Dex-4}
   (You bought it in a shop on level 6 of the Dungeon)

   Dex-4:     It affects your dexterity (-4).
   rPois:     It protects you from poison rN+: It protects you from negative
   energy.
   Fly:       It grants you flight.
 I - a +2 kite shield (worn)
   (You took it off a gnoll sergeant on level 6 of the Dungeon)
 V - a +1 hat of stealth (worn)
   (You took it off Gastronok on level 3 of the Lair of Beasts)
Jewellery
 h - a +6 ring of strength (left hand)
   (You found it on level 1 of the Dungeon)
 k - a ring of fire
   (You found it on level 2 of the Dungeon)
 l - an amulet of magic regeneration
   (You found it on level 2 of the Dungeon)
 q - a +6 ring of strength (right hand)
   (You found it on level 3 of the Dungeon)
 v - an amulet of guardian spirit (around neck)
   (You found it on level 2 of the Dungeon)
 C - a ring of see invisible
   (You took it off a gnoll on level 4 of the Dungeon)
 O - a ring of fire
   (You found it on level 11 of the Dungeon)
 Q - a +6 ring of intelligence
   (You found it on level 2 of the Lair of Beasts)
 R - a ring of poison resistance
   (You found it on level 2 of the Lair of Beasts)
Talismans
 c - a beast talisman
 d - a flux talisman
 X - a dragon-blood talisman
   (You found it on level 4 of the Lair of Beasts)
 Y - a blade talisman
   (You found it on level 1 of the Lair of Beasts)
Wands
 t - a wand of light (1)
   (You found it on level 4 of the Dungeon)
 z - a wand of roots (21)
   (You took it off a gnoll on level 4 of the Dungeon)
 A - a wand of paralysis (1)
   (You found it on level 9 of the Dungeon)
 E - a wand of flame (73)
   (You took it off a gnoll on level 5 of the Dungeon)
 P - a wand of mindburst (6)
   (You found it on level 2 of the Lair of Beasts)
Scrolls
 g - 8 scrolls of revelation
 i - a scroll of summoning {unknown}
 m - a scroll of blinking {unknown}
 n - 10 scrolls of identify {unknown}
 r - 3 scrolls of fog {unknown}
 u - 7 scrolls of teleportation
 w - 3 scrolls of enchant armour {unknown}
 D - 3 scrolls of enchant weapon {unknown}
 M - 2 scrolls of fear {unknown}
 N - 2 scrolls of noise {unknown}
 U - a scroll of torment {unknown}
 W - 2 scrolls of acquirement {unknown}
Potions
 a - 2 potions of haste {unknown}
 b - 4 potions of lignification
 e - 4 potions of heal wounds {unknown}
 f - 7 potions of curing
 o - 3 potions of attraction {unknown}
 x - 2 potions of degeneration {unknown}
 J - 2 potions of invisibility {unknown}
 K - a potion of brilliance {unknown}
 L - a potion of berserk rage {unknown}
 S - a potion of might {unknown}
 T - a potion of mutation {unknown}


   Skills:
 - Level 10.0 Fighting
 - Level 15.0 Dodging
 - Level 6.0 Shields
 + Level 16.8 Unarmed Combat
 + Level 3.4 Invocations
 - Level 6.0 Shapeshifting


You had 13 spell levels left.
You didn't know any spells.
Your spell library contained the following spells:

 Spells                   Type           Power      Damage    Failure   Level
 Apportation              Tloc           0%         N/A       24%         1
 Freeze                   Ice            0%         1d3       24%         1
 Sandblast                Erth           0%         2d4       24%         1
 Cigotuvi's Dreadful Rot  Necr/Alch/Air  0%         N/A       34%         2
 Jinxbite                 Hex            0%         N/A       34%         2
 Frozen Ramparts          Ice            0%         1d1       56%         3
 Hailstorm                Conj/Ice       0%         3d5       56%         3
 Passwall                 Erth           0%         N/A       56%         3
 Stone Arrow              Conj/Erth      0%         3d7       56%         3
 Brom's Barrelling Bould  Conj/Erth      0%         2d3       93%         4
 Dispel Undead            Necr           0%         3d6       93%         4
 Martyr's Knell           Necr/Summ      0%         N/A       93%         4
 Alistair's Intoxication  Alch           0%         N/A       100%        5
 Summon Forest            Summ/Tloc      0%         N/A       100%        5
 Summon Mana Viper        Hex/Summ       0%         N/A       100%        5
 Death Channel            Necr           0%         N/A       100%        6
 Summon Cactus Giant      Summ           0%         N/A       100%        6


Dungeon Overview and Level Annotations

Branches:
Dungeon (11/15)            Temple (1/1) D:6            Lair (5/5) D:9
 Shoals (0/4) Lair:2       Spider (0/4) Lair:3        Slime (0/5) Lair:4
    Orc (0/2) D:11

Altars:
Ashenzari
Cheibriados
Dithmenos
Elyvilon
Fedhas
Gozag
Hepliaklqana
Kikubaaqudgha
Makhleb
Nemelex Xobeh
Okawaru
Qazlal
Ru
Sif Muna
Trog
Uskayaw
Vehumet
Wu Jian
Xom
Yredelemnul
Zin
The Shining One
Jiyva

Shops:
D:1 !   D:6 *[*[(   D:7 :   D:9 :

Annotations:
D:6 2 runed translucent doors, Vadun's ghost, novice MDFi
Lair:3 exclusion: 3 oklob plants


Innate Abilities, Weirdness & Mutations

You have a beak for a mouth.
You have claws for feet.
Your magical flight helps you evade attacks. (EV +4)
You can magically evade attacks while moving or waiting.


Message History

You pummel the tyrant leech!! Your kick misses the tyrant leech.
Your peck misses the tyrant leech.
The tyrant leech is heavily wounded.
You block the wolf's attack. You block the tyrant leech's attack.
You punch the tyrant leech!
You claw the tyrant leech, but do no damage.
You peck the tyrant leech.
The tyrant leech is almost dead.
The wolf bites you. The tyrant leech bites you!! You block the wolf's attack.
You are too injured to fight recklessly!
You are too injured to fight recklessly!
You are too injured to fight recklessly!
You miss the tyrant leech.
You claw the tyrant leech, but do no damage.
You peck the tyrant leech.
The tyrant leech is almost dead.
You block the wolf's attack.
You pummel the tyrant leech!!
You kill the tyrant leech!
You block the wolf's attack.
You pummel the wolf!!
You kill the wolf!
Cheibriados thoroughly appreciates the change of pace.
You hear a loud, deep croak!
The blink frog blinks!
A blink frog comes into view.
You hear a croak.
The blink frog blinks! x2
You see here a wolf corpse.
You pummel the blink frog!!
You kill the blink frog!
Cheibriados thoroughly appreciates the change of pace.
Training target 15.0 for Dodging reached!
Your Dodging skill increases to level 15!
Your Unarmed Combat skill increases to level 15!
You punch the blink frog! You claw the blink frog.
The blink frog is severely wounded.
The blink frog completely misses you.
You pummel the blink frog like a punching bag!!!
You kill the blink frog!
Cheibriados appreciates the change of pace.
There is a stone staircase leading up, spattered with blood here.
You see here a blink frog corpse.
You fly upwards.
There is a stone staircase leading down here.
Magic restored.
You see here a bullfrog skeleton.
There is a stone staircase leading down here.
HP restored.
You fly downwards.
The yak bellows! x4; You hear an angry hiss.
Being near the torpor snail leaves you feeling lethargic.
You hear a loud, deep croak!
You hear a bellow!
There is a stone staircase leading up here.
The cane toad croaks.
A yak comes into view. x2; A cane toad comes into view.
The yak moves out of view.
You hear a bellow!
You hear a croak.
The yak bellows!
A yak comes into view.
The cane toad stings you but does no damage.
You fly upwards.
You feel yourself speed up.
There is a stone staircase leading down here.
You pummel the cane toad!!
You claw the cane toad, but do no damage.
The cane toad is heavily wounded.
The cane toad stings you. You block the yak's attack.
You punch the cane toad! You claw the cane toad. You peck the cane toad.
The cane toad is almost dead.
You block the cane toad's attack.
You pummel the cane toad!!
You kill the cane toad!
Cheibriados appreciates the change of pace.
You block the yak's attack.
You pummel the yak!! You peck the yak!
The yak is almost dead.
You block the yak's attack.
You hit the yak but do no damage. You claw the yak.
You kill the yak!
Cheibriados appreciates the change of pace.
No target in view!
No target in view!
No target in view!
No target in view!
No target in view!
No target in view!
No target in view!
HP restored.
There is a stone staircase leading down here.
You fly downwards.
A blink frog comes into view.
Found 37 gold pieces, a scroll labelled PEOLOT XIRA and 6 atropa-tipped darts.
There is a stone staircase leading up here.
The dream sheep ruffles its wool and motes of dream dust sparkle, to no effect.
The blink frog croaks.
The basilisk hisses angrily.
You hear an angry buzzing noise.
You hear a croak.
A blink frog comes into view. x2
The dream sheep ruffles its wool and motes of dream dust sparkle, to no effect.
A blink frog comes into view.
A vampire mosquito comes into view.
A blink frog comes into view.
The blink frog blinks!
You block the catoblepas's attack.
You fly upwards.
There is a stone staircase leading down here.
You punch the catoblepas! You claw the catoblepas! You peck the catoblepas.
The catoblepas is moderately wounded.
You punch the catoblepas!
The catoblepas is heavily wounded.
The catoblepas gores you!!
You hit the catoblepas but do no damage.
You claw the catoblepas.
The catoblepas is heavily wounded.
The catoblepas barely misses you.
You pummel the catoblepas!! You claw the catoblepas.
You peck the catoblepas, but do no damage.
The catoblepas is almost dead.
The catoblepas breathes a plume of calcifying dust at you.
The blast of calcifying dust hits you but does no damage.
The catoblepas completely misses you.
The catoblepas breathes a plume of calcifying dust at you.
The blast of calcifying dust hits you.
The catoblepas breathes a plume of calcifying dust at you.
The blast of calcifying dust hits you. The catoblepas completely misses you.
The catoblepas breathes a plume of calcifying dust at you.
The blast of calcifying dust hits you but does no damage.
The catoblepas completely misses you.
You punch the catoblepas!
You kill the catoblepas!
Cheibriados appreciates the change of pace.
You are engulfed in calcifying dust.
There is a stone staircase leading down, spattered with blood here.
You start resting.
Magic restored.
You start resting.
HP restored.
There is a stone staircase leading down here.
You fly downwards.
The cane toad gives a loud, deep croak!
The yak bellows! x2
The cane toad croaks.
The yak bellows! x6; The cane toad croaks.
You hear an angry hiss.
A blink frog comes into view.
You block the yak's attack. The torpor snail closely misses you.
Being near the torpor snail leaves you feeling lethargic.
You hear a loud, deep croak!
You hear an angry hiss.
There is a stone staircase leading up here.
You block the yak's attack. x3; The torpor snail bites you!!
The yak snorts and paws the ground.
The yak completely misses you. The yak barely misses you. The yak misses you.
The black mamba hisses angrily.
You fly upwards.
There is a stone staircase leading down here.
You barely miss the yak. You peck the yak.
The yak is lightly wounded.
You block the torpor snail's attack. The yak gores you!
You block the yak's attack. x2
You pummel the yak!!
You kill the yak!
Cheibriados appreciates the change of pace.
You block the yak's attack. x2; The torpor snail bites you.
You pummel the torpor snail!! You peck the torpor snail.
The torpor snail is heavily wounded.
The yak completely misses you. You block the yak's attack.
You hit the torpor snail but do no damage.
You claw the torpor snail.
The torpor snail is heavily wounded.
You block the yak's attack. The yak completely misses you.
The torpor snail closely misses you.
You punch the torpor snail! You claw the torpor snail!
You kill the torpor snail!
You feel yourself speed up.
You block the yak's attack. x2; The yak completely misses you.
You block the yak's attack.
You punch the yak! You peck the yak, but do no damage.
The yak is moderately wounded.
You punch the yak! You claw the yak. You peck the yak!
The yak is almost dead.
You block the yak's attack. x2
You pummel the yak!!
You kill the yak!
Cheibriados appreciates the change of pace.
You block the yak's attack.
You hit the yak. Your kick misses the yak. You peck the yak, but do no damage.
The yak is lightly wounded.
The yak misses you.
You punch the yak!
The yak is moderately wounded.
You pummel the yak!!
You kill the yak!
Cheibriados appreciates the change of pace.
No target in view!
No target in view!
No target in view!
No target in view!
No target in view!
No target in view!
No target in view!
No target in view!
No target in view!
No target in view!
You start resting.
Magic restored.
You start resting.
HP restored.
There is a stone staircase leading down, spattered with blood here.
You fly downwards.
The blink frog croaks.
The basilisk hisses angrily.
The blink frog croaks.
The blink frog gives a loud, deep croak!
The dream sheep bleats!
The rime drake hisses angrily.
The dream sheep bleats!
The vampire mosquito buzzes angrily.
You hear a bleat!
The blink frog gives a loud, deep croak!
You hear a bellow!
You hear a bleat!
You hear a bellow!
You hear a croak.
You hear a bellow!
The blink frog blinks!
A dream sheep comes into view.
The blink frog blinks! x2
The blink frog gives a loud, deep croak!
The basilisk hisses angrily.
The vampire mosquito buzzes angrily.
There is a stone staircase leading up here.
The vampire mosquito buzzes angrily.
You hear an angry hiss.
You hear a bellow!
You block the blink frog's attack. The rime drake bites you.
The dream sheep headbutts you. You block the blink frog's attack.
You hear an angry buzzing noise.
You fly upwards.
There is a stone staircase leading down, spattered with blood here.
You barely miss the rime drake. You claw the rime drake.
The rime drake is lightly wounded.
The rime drake completely misses you. You block the dream sheep's attack.
The blink frog misses you.
You pummel the rime drake like a punching bag!!!
You kill the rime drake!
Cheibriados thoroughly appreciates the change of pace.
You block the blink frog's attack. You block the dream sheep's attack.
You pummel the dream sheep!! You claw the dream sheep.
You kill the dream sheep!
Cheibriados appreciates the change of pace.
The blink frog completely misses you.
You barely miss the blink frog. The blink frog completely misses you.
You punch the blink frog!
The blink frog is moderately wounded.
You block the blink frog's attack.
You hit the blink frog but do no damage.
You claw the blink frog!
The blink frog is almost dead.
The blink frog blinks!
You miss the blink frog. You peck the blink frog!
You kill the blink frog!
Cheibriados appreciates the change of pace.
No target in view!
No target in view!
No target in view!
No target in view!
No target in view!
No target in view!
No target in view!
No target in view!
No target in view!
There is a stone staircase leading down, spattered with blood here.
You start resting.
Magic restored.
HP restored.
You see here a bullfrog skeleton.
There is a stone staircase leading down here.
You fly downwards.
There is a stone staircase leading up, spattered with blood here.
You see here a blink frog skeleton.
You see here a wolf skeleton.
A cane toad comes into view.
Items here: ÷÷÷÷÷.
A cane toad is nearby!
The cane toad croaks.
A bullfrog comes into view.
The bullfrog moves out of view.
You hit the cane toad but do no damage. Your kick misses the cane toad.
You peck the cane toad.
The cane toad is lightly wounded.
The cane toad closely misses you.
You pummel the cane toad!! You claw the cane toad.
You kill the cane toad!
Cheibriados appreciates the change of pace.
You hear a croak.
You hear a loud, deep croak!
You hear a croak.
The cane toad stings you but does no damage.
You see here a cane toad corpse.
You closely miss the cane toad. The cane toad closely misses you.
You pummel the cane toad!! You claw the cane toad!
You peck the cane toad, but do no damage.
The cane toad is almost dead.
You block the cane toad's attack.
You pummel the cane toad!!
You kill the cane toad!
Cheibriados appreciates the change of pace.
The blink frog blinks!
The blink frog hits you but does no damage.
The blink frog blinks!
Items here: ÷÷÷÷÷.
You miss the blink frog. The blink frog completely misses you.
The blink frog gives a loud, deep croak!
You pummel the blink frog!!
You kill the blink frog!
Cheibriados thoroughly appreciates the change of pace.
You hear a loud, deep croak!
The blink frog blinks!
The blink frog croaks.
You pummel the blink frog like a punching bag!!!
You kill the blink frog!
Cheibriados appreciates the change of pace.
You hear an angry buzzing noise.
A cane toad comes into view.
You block the blink frog's attack.
You hear a croak.
The cane toad croaks.
You punch the blink frog! You claw the blink frog!
The blink frog is heavily wounded.
The blink frog blinks! x2
You barely miss the blink frog. You claw the blink frog!
You kill the blink frog!
Cheibriados appreciates the change of pace.
A vampire mosquito comes into view.
You block the cane toad's attack. x2
There is a stone staircase leading up, spattered with blood here.
You see here a blink frog skeleton.
You punch the vampire mosquito! Your kick misses the vampire mosquito.
The vampire mosquito is heavily damaged.
You block the vampire mosquito's attack.
You block the cane toad's attack.
You pummel the vampire mosquito!!
You destroy the vampire mosquito!
Cheibriados thoroughly appreciates the change of pace.
The cane toad completely misses you.
You barely miss the cane toad. You claw the cane toad!
Your peck misses the cane toad.
The cane toad is lightly wounded.
The cane toad stings you but does no damage.
You hit the cane toad but do no damage.
The cane toad is lightly wounded.
You block the cane toad's attack.
You barely miss the cane toad. You claw the cane toad! You peck the cane toad.
The cane toad is heavily wounded.
The cane toad completely misses you.
You hit the cane toad but do no damage.
The cane toad is heavily wounded.
The cane toad closely misses you.
You pulverise the cane toad!!!
You kill the cane toad!
Cheibriados appreciates the change of pace.
No target in view!
No target in view!
You see here a wolf skeleton.
A blink frog is nearby!
A blink frog is nearby!
A blink frog is nearby!
The blink frog hits you but does no damage.
You block the blink frog's attack. x2
You punch the blink frog!
The blink frog is heavily wounded.
You block the blink frog's attack.
You punch the blink frog! You claw the blink frog.
The blink frog is almost dead.
The blink frog blinks!
The blink frog blinks!
A blink frog is nearby!
A blink frog is nearby!
The blink frog blinks!
The blink frog misses you. The blink frog hits you!
You pummel the blink frog!!
You kill the blink frog!
Cheibriados appreciates the change of pace.
Your Unarmed Combat skill increases to level 16!
You block the blink frog's attack.
The blink frog blinks!
The blink frog misses you.
A blink frog is nearby!
You pummel the blink frog!!
You kill the blink frog!
Cheibriados appreciates the change of pace.
You hear an angry hiss.
You have reached level 14!
Magic restored.
A vampire mosquito comes into view.
A vampire mosquito is nearby!
A vampire mosquito is nearby!
There is a stone staircase leading up, spattered with blood here.
You see here a blink frog skeleton.
The vampire mosquito buzzes angrily.
You block the vampire mosquito's attack.
The vampire mosquito misses you.
You block the vampire mosquito's attack. x2
You pummel the vampire mosquito!!
You destroy the vampire mosquito!
Cheibriados thoroughly appreciates the change of pace.
No target in view!
No target in view!
Items here: ÷÷÷÷÷ †.
Things that are here:
a blink frog corpse; a cane toad corpse A blink frog comes into view. x2
The blink frog moves out of view.
A blink frog is nearby!
A blink frog is nearby!
You block the blink frog's attack.
The blink frog croaks.
You punch the blink frog! You claw the blink frog!
The blink frog is moderately wounded.
The blink frog blinks!
The blink frog completely misses you.
You punch the blink frog!
The blink frog is severely wounded.
The blink frog completely misses you.
You hit the blink frog. Your kick misses the blink frog.
The blink frog is almost dead.
The blink frog completely misses you.
You pummel the blink frog!!
You kill the blink frog!
Cheibriados thoroughly appreciates the change of pace.
A bullfrog comes into view.
The bullfrog moves out of view.
You pummel the blink frog!!
You kill the blink frog!
Cheibriados thoroughly appreciates the change of pace.
You hear a croak.
A cane toad comes into view.
You barely miss the vampire mosquito.
You block the vampire mosquito's attack.
You completely miss the vampire mosquito.
Your kick misses the vampire mosquito. Your peck misses the vampire mosquito.
You block the vampire mosquito's attack. x2
You pummel the vampire mosquito!! You claw the vampire mosquito!
You destroy the vampire mosquito!
Cheibriados thoroughly appreciates the change of pace.
You punch the bullfrog! Your kick misses the bullfrog.
The bullfrog is heavily wounded.
You block the bullfrog's attack.
You hit the bullfrog. You claw the bullfrog.
The bullfrog is severely wounded.
The bullfrog snags a nearby small bird with its tongue.
The bullfrog completely misses you.
You pummel the bullfrog!!
You kill the bullfrog!
Cheibriados thoroughly appreciates the change of pace.
A cane toad is nearby!
A cane toad is nearby!
The cane toad croaks.
You hear a croak.
You hear a loud, deep croak!
A blink frog comes into view.
The cane toad completely misses you.
The blink frog croaks.
You punch the cane toad!
The cane toad is moderately wounded.
You hear a croak. x2
You block the cane toad's attack.
You hit the cane toad but do no damage. You claw the cane toad.
The cane toad is moderately wounded.
You block the cane toad's attack.
The blink frog blinks!
You pummel the cane toad!!
You kill the cane toad!
Cheibriados appreciates the change of pace.
No target in view!
A blink frog comes into view.
There are monsters nearby!
A blink frog comes into view.
The blink frog croaks.
A blink frog comes into view.
A skyshark comes into view.
The cane toad gives a loud, deep croak!
The blink frog gives a loud, deep croak! x2
You hit the blink frog. Your kick misses the blink frog.
The blink frog is lightly wounded.
You hear an angry hiss.
The blink frog blinks!
You block the blink frog's attack.
A komodo dragon comes into view.
The blink frog blinks!
You miss the blink frog.
The komodo dragon hisses angrily.
Your kick misses the blink frog. Your peck misses the blink frog.
The blink frog is lightly wounded.
You block the blink frog's attack.
The blink frog blinks!
The blink frog attacks as it pursues you!
You block the blink frog's attack.
The blink frog blinks!
You block the blink frog's attack. x2; The blink frog blinks!
The skyshark misses you. The skyshark completely misses you. x2
The blink frog blinks!
You block the blink frog's attack.
The komodo dragon completely misses you.
You block the cane toad's attack. The blink frog completely misses you.
You block the skyshark's attack. The skyshark completely misses you.
The skyshark closely misses you. The blink frog completely misses you.
You block the cane toad's attack. The skyshark completely misses you.
You block the skyshark's attack. x2
The blink frog blinks! x2; The cane toad stings you!
You are poisoned.
The cane toad poisons you!
You feel extremely sick. You block the komodo dragon's attack.
The blink frog blinks!
You block the cane toad's attack.
You feel very sick.
The blink frog blinks!
The cane toad completely misses you. You block the komodo dragon's attack.
You block the cane toad's attack. The skyshark misses you.
You block the skyshark's attack. The skyshark completely misses you.
You feel very sick. You block the komodo dragon's attack.
The cane toad completely misses you.
Things that are here:
a blink frog corpse; a cane toad corpse You feel very sick.
The cane toad completely misses you.
The blink frog hits you but does no damage.
The cane toad completely misses you.
Items here: ÷÷÷÷÷ †.
Unknown command.
There are no objects that can be picked up here. a vampire mosquito corpse; a blink frog skeleton; a bullfrog skeleton a wolf skeleton; a cane toad skeleton; a bullfrog skeleton Unknown command.
The basilisk hisses angrily.
The blink frog croaks.
You pummel the cane toad!! You claw the cane toad.
You kill the cane toad!
Cheibriados appreciates the change of pace.
You feel sick. You block the blink frog's attack.
The blink frog blinks!
You beat the basilisk into a bloody pulp!!!
You kill the basilisk!
Cheibriados appreciates the change of pace.
You feel sick.
The blink frog blinks! x2; The skyshark barely misses you.
You block the skyshark's attack. The skyshark completely misses you.
You pummel the skyshark like a punching bag!!!
You claw the skyshark. You peck the skyshark.
The skyshark is heavily wounded.
The blink frog blinks!
You block the skyshark's attack. x3
You beat the skyshark into a bloody pulp!!!
You kill the skyshark!
Cheibriados appreciates the change of pace.
You feel sick.
Your Invocations skill increases to level 1!
You pummel the komodo dragon!! You claw the komodo dragon.
You peck the komodo dragon, but do no damage.
The komodo dragon is almost dead.
You feel sick. You block the blink frog's attack.
The komodo dragon completely misses you.
You punch the komodo dragon!
You kill the komodo dragon!
Cheibriados appreciates the change of pace.
You block the blink frog's attack.
You barely miss the blink frog. Your kick misses the blink frog.
You feel sick. You block the blink frog's attack.
The blink frog completely misses you.
You punch the blink frog! You claw the blink frog.
Your peck misses the blink frog.
The blink frog is severely wounded.
You block the blink frog's attack. The blink frog hits you.
The blink frog blinks!
The blink frog closely misses you.
You pummel the blink frog!! Your kick misses the blink frog.
The blink frog is heavily wounded.
You feel sick. You block the blink frog's attack.
The blink frog blinks!
You block the blink frog's attack.
You closely miss the blink frog.
The blink frog is heavily wounded.
The blink frog completely misses you. You block the blink frog's attack.
You pummel the blink frog!!
You kill the blink frog!
Cheibriados appreciates the change of pace.
You feel sick. You block the blink frog's attack.
The blink frog blinks!
The blink frog closely misses you.
You closely miss the blink frog. Your kick misses the blink frog.
Your peck misses the blink frog. The blink frog completely misses you.
The blink frog blinks!
You pummel the blink frog!!
The blink frog is heavily wounded.
You feel sick.
You are no longer poisoned.
You block the blink frog's attack.
You hit the blink frog.
The blink frog is heavily wounded.
The blink frog closely misses you.
You barely miss the blink frog. Your kick misses the blink frog.
You peck the blink frog!
The blink frog is almost dead.
You block the blink frog's attack.
You miss the blink frog. You claw the blink frog.
You kill the blink frog!
Cheibriados thoroughly appreciates the change of pace.
You swing at nothing.
The blink frog completely misses you.
You pummel the blink frog!!
You kill the blink frog!
Cheibriados thoroughly appreciates the change of pace.
You pummel the blink frog!! You claw the blink frog.
You kill the blink frog!
Cheibriados thoroughly appreciates the change of pace.
Your Invocations skill increases to level 2!
You see here a basilisk corpse.
There is a stone staircase leading up, spattered with blood here.
You see here a blink frog skeleton.
You start resting.
A black mamba is nearby!
You see here a basilisk corpse.
You block the black mamba's attack. The black mamba misses you.
You block the black mamba's attack.
Items here: ÷÷÷÷÷ †.
You pummel the black mamba!! Your kick misses the black mamba.
The black mamba is heavily wounded.
You block the black mamba's attack.
A bullfrog comes into view.
The bullfrog gives a loud, deep croak!
You hit the black mamba. You claw the black mamba!
The black mamba is almost dead.
You hear an angry buzzing noise.
You hear a croak.
The black mamba bites you but does no damage.
You block the black mamba's attack.
You miss the black mamba.
The black mamba is almost dead.
You block the black mamba's attack.
You closely miss the black mamba. Your kick misses the black mamba.
Your peck misses the black mamba.
The black mamba is almost dead.
You block the black mamba's attack. x2
You pummel the black mamba!!
You kill the black mamba!
Cheibriados thoroughly appreciates the change of pace.
You barely miss the bullfrog. The bullfrog completely misses you.
The bullfrog misses you.
You pummel the bullfrog!!
You kill the bullfrog!
Cheibriados appreciates the change of pace.
No target in view!
No target in view!
A vampire mosquito is nearby!
A vampire mosquito is nearby!
A vampire mosquito is nearby!
A vampire mosquito is nearby!
Items here: ÷÷ ††.
A blink frog is nearby!
A blink frog is nearby!
What are your orders? t - Shout!
Orders for allies: a - Attack new target. r - Retreat! s - Stop attacking. g - Guard the area. f - Follow me.
Anything else - Cancel.
You shout for attention!
The blink frog gives a loud, deep croak!
The blink frog blinks! x2
You block the blink frog's attack. x2; The blink frog blinks!
Things that are here:
a vampire mosquito corpse; a cane toad skeleton You pummel the blink frog!!
Your kick misses the blink frog.
The blink frog is severely wounded.
You block the blink frog's attack.
You pummel the blink frog!!
You kill the blink frog!
Cheibriados appreciates the change of pace.
The blink frog blinks! x2
The blink frog blinks!
The vampire mosquito buzzes angrily.
The blink frog completely misses you.
You closely miss the blink frog. Your kick misses the blink frog.
Your peck misses the blink frog.
The blink frog blinks!
The vampire mosquito completely misses you. x2
The blink frog blinks!
The vampire mosquito completely misses you.
The blink frog blinks!
You block the vampire mosquito's attack.
You pummel the vampire mosquito!! You claw the vampire mosquito.
You peck the vampire mosquito, but do no damage.
The vampire mosquito is almost destroyed.
The vampire mosquito completely misses you.
You block the vampire mosquito's attack.
You pummel the vampire mosquito!!
You destroy the vampire mosquito!
Cheibriados thoroughly appreciates the change of pace.
The blink frog completely misses you. You block the blink frog's attack. x2
You pummel the blink frog!!
You kill the blink frog!
Cheibriados appreciates the change of pace.
No target in view!
No target in view!
Found an escape hatch in the ceiling.
J - 2 smoky coppery potions (gained 1)
A basilisk and a black mamba come into view.
The basilisk moves out of view.
A black mamba is nearby!
A black mamba is nearby!
The black mamba hisses angrily.
The black mamba bites you but does no damage.
You block the black mamba's attack.
The black mamba completely misses you. x2
You punch the black mamba!
The black mamba is moderately wounded.
You block the black mamba's attack.
You pummel the black mamba!!
You kill the black mamba!
Cheibriados thoroughly appreciates the change of pace.
No target in view!
n - 10 scrolls labelled KEMABA OTWI (gained 1)
g - 9 scrolls labelled WEAF KEUNLAGRI (gained 1)
A water moccasin comes into view.
A water moccasin is nearby!
A water moccasin is nearby!
Found 16 gold pieces.
The water moccasin hisses angrily.
You pummel the water moccasin!!
You kill the water moccasin!
Cheibriados appreciates the change of pace.
No target in view!
No target in view!
You now have 599 gold pieces (gained 15).
You see here a water moccasin corpse.
You now have 615 gold pieces (gained 16).
A bullfrog is nearby!
A bullfrog is nearby!
A bullfrog is nearby!
No target in view!
No target in view!
No target in view!
No target in view!
No target in view!
A cane toad is nearby!
A bullfrog comes into view.
The bullfrog completely misses you. You block the bullfrog's attack.
A blink frog comes into view.
You block the bullfrog's attack.
The bullfrog moves out of view.
The blink frog croaks.
The yak bellows!
The cane toad croaks.
You hit the bullfrog.
The bullfrog is lightly wounded.
The blink frog blinks!
You block the bullfrog's attack.
You punch the bullfrog!
The bullfrog is severely wounded.
You block the bullfrog's attack.
The bullfrog gives a loud, deep croak!
You pummel the bullfrog!!
You kill the bullfrog!
Cheibriados thoroughly appreciates the change of pace.
You hear a bellow!
The cane toad completely misses you.
You pummel the cane toad!! You claw the cane toad!
The cane toad is almost dead.
You block the blink frog's attack. You block the cane toad's attack.
The blink frog closely misses you.
You pummel the cane toad!!
You kill the cane toad!
Cheibriados appreciates the change of pace.
The blink frog blinks!
Found a wand of roots (4).
The blink frog blinks!
You block the bullfrog's attack. You block the yak's attack.
The yak bellows! x4
You pummel the bullfrog!! You claw the bullfrog.
You kill the bullfrog!
Cheibriados thoroughly appreciates the change of pace.
The yak misses you.
You pummel the yak like a punching bag!!!
You kill the yak!
Cheibriados appreciates the change of pace.
You hear a bellow! x2
The yak bellows!
You pummel the yak!! You claw the yak. Your peck misses the yak.
The yak is severely wounded.
You pummel the yak!!
You kill the yak!
Cheibriados appreciates the change of pace.
The yak misses you.
You squash the yak like an ant!!!
You kill the yak!
Cheibriados appreciates the change of pace.
You block the yak's attack.
You punch the yak! You peck the yak!
The yak is moderately wounded.
You hit the yak but do no damage. You claw the yak! You peck the yak.
The yak is severely wounded.
You block the yak's attack.
You pummel the yak!!
You kill the yak!
Cheibriados appreciates the change of pace.
The yak completely misses you. You block the yak's attack.
Your Invocations skill increases to level 3!
You punch the yak!
The yak is heavily wounded.
The yak misses you. The yak completely misses you.
You squash the yak like an ant!!!
You kill the yak!
Cheibriados appreciates the change of pace.
You beat the blink frog into a bloody pulp!!!
You kill the blink frog!
Cheibriados appreciates the change of pace.
You closely miss the yak. You peck the yak!
The yak is lightly wounded.
The yak completely misses you. You block the yak's attack.
You hit the yak.
The yak is moderately wounded.
You pummel the yak!! Your peck misses the yak.
The yak is severely wounded.
The yak gores you! You block the yak's attack.
You hit the yak. Your peck misses the yak.
The yak is almost dead.
You block the yak's attack. The yak completely misses you.
You pummel the yak!!
You kill the yak!
Cheibriados appreciates the change of pace.
The yak gores you!
You punch the yak! You claw the yak!
The yak is severely wounded.
You pummel the yak!!
You kill the yak!
Cheibriados appreciates the change of pace.
No target in view!
No target in view!
No target in view!
No target in view!
No target in view!
Magic restored.
HP restored.
z - a wand of roots (21) (gained 4 charges)
Found a short sword.
i - a scroll labelled CUTUIC DUCWU You now have 634 gold pieces (gained 19).
The vampire mosquito buzzes angrily.
You pummel the vampire mosquito!! Your kick misses the vampire mosquito.
You peck the vampire mosquito.
You destroy the vampire mosquito!
Cheibriados thoroughly appreciates the change of pace.
No target in view!
You hear a splashing noise.
You now have 644 gold pieces (gained 10).
You see here a book of Decay.
You see here a +0 short sword.
A basilisk is nearby!
A basilisk is nearby!
A basilisk is nearby!
You throw a poisoned dart. The poisoned dart hits the basilisk.
The basilisk is poisoned.
The basilisk hisses angrily.
You hear a splash.
You throw a poisoned dart. The poisoned dart hits the basilisk.
The basilisk looks even sicker.
The basilisk is lightly wounded.
You hear a splash.
You throw a poisoned dart.
The poisoned dart barely misses the basilisk.
You hear a splash.
You throw a poisoned dart. The poisoned dart hits the basilisk.
The basilisk looks even sicker.
You throw a poisoned dart.
The poisoned dart closely misses the basilisk.
You hear a splash.
The basilisk gazes at you.
You easily resist.
The basilisk hisses menacingly.
You punch the basilisk! You claw the basilisk.
The basilisk is severely wounded.
You closely miss the basilisk. Your peck misses the basilisk.
The basilisk is severely wounded.
The basilisk gazes at you.
You easily resist.
You pummel the basilisk!!
You kill the basilisk!
Cheibriados appreciates the change of pace.
No target in view!
A cane toad comes into view.
You see here 20 gold pieces.
A cane toad is nearby!
A cane toad is nearby!
What are your orders? t - Shout!
Orders for allies: a - Attack new target. r - Retreat! s - Stop attacking. g - Guard the area. f - Follow me.
Anything else - Cancel.
You shout for attention!
The cane toad gives a loud, deep croak!
You hear a bellow!
You block the cane toad's attack.
You barely miss the cane toad.
You claw the cane toad, but do no damage.
The cane toad misses you.
You hit the cane toad but do no damage. You claw the cane toad!
You peck the cane toad, but do no damage.
The cane toad is moderately wounded.
You pummel the cane toad!!
The cane toad is severely wounded.
The cane toad closely misses you.
You pummel the cane toad!!
You kill the cane toad!
Cheibriados appreciates the change of pace.
No target in view!
No target in view!
You now have 664 gold pieces (gained 20).
You see here a cane toad corpse.
You see here a basilisk corpse.
Found a long sword.
Found 8 stones, a ring of poison resistance and a long sword.
Found 9 stones.
A yak comes into view. x2 2 yaks come into view.
The yak bellows! x3; You hear an angry hiss.
A yak comes into view. x2; A rime drake comes into view. 2 yaks come into view.
You see here 37 gold pieces.
The yak bellows! x3; The rime drake hisses angrily.
The yak bellows!
You hit the yak. You claw the yak! You peck the yak, but do no damage.
The yak is moderately wounded.
You hear a bellow!
You hear a bleat!
You hear a croak.
A yak comes into view.
The yak completely misses you.
A six-headed hydra comes into view.
The yak bellows!
The six-headed hydra roars!
You hit the yak. You claw the yak!
The yak is almost dead.
You hear a croak.
You hear an angry hiss.
You pummel the yak like a punching bag!!!
You kill the yak!
Cheibriados appreciates the change of pace.
The yak completely misses you.
You barely miss the yak.
The blink frog blinks!
A yak comes into view.
The yak completely misses you. You block the yak's attack.
You barely miss the yak.
The yak bellows!
Your kick misses the yak. You peck the yak!
The yak is moderately wounded.
A cane toad comes into view.
You block the yak's attack. x2
You pummel the yak!! You claw the yak!
You kill the yak!
Cheibriados appreciates the change of pace.
You hit the yak but do no damage. Your kick misses the yak.
The yak closely misses you. The yak gores you.
You pummel the six-headed hydra!! You peck the six-headed hydra.
The six-headed hydra is moderately wounded.
The rime drake breathes ice at you. The icy flash freeze hits you!!
You are encased in ice.
The yak completely misses you.
The dream sheep bleats!
You hear an angry hiss.
You completely miss the six-headed hydra.
You claw the six-headed hydra! Your peck misses the six-headed hydra.
The six-headed hydra is heavily wounded.
The six-headed hydra bites you.
You block the six-headed hydra's attack.
The six-headed hydra closely misses you. x2
The six-headed hydra completely misses you.
The six-headed hydra misses you.
A basilisk comes into view.
You pummel the six-headed hydra!! You claw the six-headed hydra!
You peck the six-headed hydra.
The six-headed hydra is almost dead.
The yak closely misses you. The yak completely misses you.
You block the yak's attack.
The six-headed hydra bites you but does no damage.
The six-headed hydra bites you!
You block the six-headed hydra's attack.
The six-headed hydra closely misses you.
The six-headed hydra misses you.
You block the six-headed hydra's attack.
The cane toad stings you!!
* * * LOW HITPOINT WARNING * * *
Okay, then.
Okay, then.
Okay, then.
As you read the scroll labelled WEAF KEUNLAGRI, it crumbles to dust.
You feel aware of your surroundings.
It was a scroll of revelation.
The blink frog blinks!
The yak completely misses you. You block the yak's attack.
The yak completely misses you. You block the yak's attack.
A yak comes into view.
You block the six-headed hydra's attack.
The six-headed hydra completely misses you. x2
The six-headed hydra misses you.
The six-headed hydra completely misses you.
The six-headed hydra bites you but does no damage.
The cane toad stings you!!
* * * LOW HITPOINT WARNING * * *
The rime drake closely misses you.
Okay, then.
You feel better. The ice encasing you melts away.
The blink frog hits the plant!!
The plant begins to die.
The yak misses you. You block the yak's attack. x2
The dream sheep ruffles its wool and motes of dream dust sparkle, to no effect.
The yak completely misses you. The cane toad misses you.
The six-headed hydra completely misses you.
You block the six-headed hydra's attack.
The six-headed hydra completely misses you. x3
The six-headed hydra closely misses you.
The rime drake barely misses you.
The blink frog hits the plant.
The blink frog blinks!
Okay, then.
As you read the scroll labelled OCROIM CILITOO, it crumbles to dust.
You feel strangely unstable.
It was a scroll of teleportation.
The cane toad closely misses you. You block the yak's attack.
The yak gores you!
* * * LOW MAGIC WARNING * * *;
* * * LOW HITPOINT WARNING * * *
You block the yak's attack. x2; The rime drake misses you.
The six-headed hydra completely misses you. x2
The six-headed hydra misses you. x2
The six-headed hydra closely misses you.
The six-headed hydra bites you!
* * * LOW MAGIC WARNING * * *;
* * * LOW HITPOINT WARNING * * *
You feel better. You block the cane toad's attack.
You block the rime drake's attack. The yak completely misses you.
You block the yak's attack. The yak misses you. The yak gores you!
* * * LOW MAGIC WARNING * * *;
* * * LOW HITPOINT WARNING * * *
The six-headed hydra bites you.
* * * LOW HITPOINT WARNING * * *
The six-headed hydra misses you. The six-headed hydra bites you.
* * * LOW MAGIC WARNING * * *;
* * * LOW HITPOINT WARNING * * *
The six-headed hydra completely misses you.
The six-headed hydra misses you.
The six-headed hydra completely misses you.
You feel better. The cane toad misses you. The rime drake breathes ice at you.
The icy flash freeze hits you!!
* * * LOW MAGIC WARNING * * *
You die...
Cheibriados appreciates the motionlessness of death.

..#......~~~~#~~~~~~~~~~~~~,,##..
.....~~.~~~~.#..P≈≈~~~≈≈~~~~~#.FF
..##....~~~~~###~≈~~~~~≈~~~......
..##....~~~~~.##~≈~~~~~~~~~..yF..
.....~~~~~~~~†##.~~~Y~~~~~~.P....
.......~≈~~~†~##~~.~Y~~≈~~~~....§
.......~~≈≈~~~#lYYF.~~≈#~~~~.~...
......~~~#~~≈~#kYYY~.~~#~~~P.....
....,.~~≈##~~~~F@YY~~~~#*~~~.....
....~.~~*####~~PDY)~~≈##***~~,,**
####,.~~~≈##≈≈≈(~))~#≈~~**~~,,,*
***,,,~~~~~#~~.~~~~~#~~~~*~~,,,*
,,,,*,~~~~~#~~~.l~~##~≈~~~~,,,***
..,,*~,~~~~≈~≈≈~.~.##~~≈~~~,~,,,*
..,,*,,~~~~≈~~~~~~~~#.~~~~~,,**,*
..,,**,~~~~≈~~~~~~~##~~≈~~...,***
..,,,#.~P~~~~~~~~≈~~##~~P~....#


You could see a six-headed hydra, 9 yaks, a cane toad, 2 basilisks, a blink
frog, a rime drake (catching breath) and a dream sheep.

Vanquished Creatures
  Gastronok (Lair:3)
  A hydra (Lair:2)
  A catoblepas (Lair:4)
  2 two-headed ogres (D:9)
  A boulder beetle (Lair:4)
  Amaemon (Lair:2)
  2 skysharks
  Pikel (D:6)
  2 cyclopes (D:11)
  6 elephants (Lair:5)
  3 manticores
  An orange demon (Lair:2)
  A torpor snail (Lair:4)
  5 black mambas
  20 cane toads
  8 komodo dragons
  3 rime drakes
  2 tyrant leeches (Lair:5)
  2 trolls (D:11)
  3 polar bears
  A dream sheep (Lair:4)
  18 blink frogs
  A vampire (D:9)
  3 culicivoras (Lair:3)
  2 shadows (D:11)
  3 wyverns
  3 wraiths
  5 basilisks
  49 yaks
  2 redbacks (Lair:3)
  2 steam dragons
  8 vampire mosquitoes
  7 water moccasins
  Duvessa (D:6)
  6 orc warriors
  An ice beast (D:6)
  A sky beast (D:7)
  3 black bears
  An ogre (D:4)
  18 wolves
  4 centaurs
  2 phantoms (D:5)
  6 kobold brigands
  3 gnoll sergeants
  22 bullfrogs
  2 scorpions (D:4)
  10 wights
  Dowan (D:6)
  4 howler monkeys
  2 bombardier beetles (D:5)
  2 hounds
  A gnoll bouda (D:4)
  6 orc priests
  Crazy Yiuf (D:7)
  8 iguanas
  3 sleepcaps
  Jessica (D:3)
  14 orc wizards
  23 gnolls
  9 adders
  A white imp (D:7)
  4 ufetubi
  5 dart slugs
  3 ribbon worms
  31 orcs
  7 bats
  5 endoplasms
  5 giant cockroaches
  5 goblins
  8 hobgoblins
  36 kobolds
  4 quokkas
  5 ball pythons
  6 frilled lizards
  4 rats
  A butterfly (D:6)
455 creatures vanquished.

Notes
Turn   | Place    | Note
-------+----------+-------------------------------------------
     0 | D:1      | sleeves the Tengu Shapeshifter began the quest for the Orb.
     0 | D:1      | Reached XP level 1. HP: 12/12 MP: 2/2
   145 | D:1      | HP: 4/12 [kobold/+0 dagger (4)]
   147 | D:1      | Reached XP level 2. HP: 6/16 MP: 3/3
   278 | D:1      | Reached skill level 4 in Unarmed Combat
   744 | D:1      | Found Fas Quri's Distillery.
   748 | D:1      | Bought a potion of curing for 42 gold pieces
  1259 | D:2      | Reached XP level 3. HP: 20/20 MP: 4/4
  1579 | D:2      | Noticed Sigmund
  2093 | D:3      | Reached XP level 4. HP: 25/25 MP: 5/5
  2151 | D:3      | Reached skill level 3 in Dodging
  2203 | D:3      | Reached skill level 5 in Unarmed Combat
  2537 | D:3      | Noticed Jessica
  2544 | D:3      | Killed Jessica
  2671 | D:4      | Noticed a scorpion
  2676 | D:4      | Killed a scorpion
  2677 | D:4      | Reached XP level 5. HP: 29/29 MP: 6/6
  2721 | D:4      | Found a white marble altar of Elyvilon.
  2834 | D:2      | Reached skill level 4 in Dodging
  2893 | D:2      | Sigmund changed into Sigmund the iguana
  2893 | D:2      | Noticed Sigmund
  2897 | D:2      | HP: 12/29 [Sigmund the iguana (8)]
  2899 | D:2      | HP: 3/29 [Sigmund the iguana (5)]
  2900 | D:2      | Killed Sigmund the iguana
  3213 | D:2      | Reached XP level 6. HP: 31/34 MP: 5/7
  3218 | D:2      | Reached skill level 6 in Unarmed Combat
  3558 | D:4      | Reached skill level 5 in Dodging
  3660 | D:4      | HP: 15/34 [orc priest/nerve-wracking pain (6)]
  3661 | D:4      | HP: 5/34 [orc priest/divine providence (10)]
  4431 | D:5      | Entered Level 5 of the Dungeon
  4438 | D:4      | Gained mutation: Your magical flight helps you evade
                  | attacks. (EV +4) [Tengu growth]
  4438 | D:4      | Reached XP level 7. HP: 35/38 MP: 8/8
  4504 | D:5      | Reached skill level 7 in Unarmed Combat
  4572 | D:5      | Identified the +0 ring mail "Cyurch" {rN+ Slay+3}
  4594 | D:4      | Reached skill level 6 in Dodging
  4944 | D:5      | Reached XP level 8. HP: 43/43 MP: 9/9
  5047 | D:5      | Reached skill level 7 in Dodging
  5047 | D:5      | Reached skill level 8 in Unarmed Combat
  5598 | D:6      | HP: 21/43 [poisoned by an orc wizard]
  5603 | D:6      | HP: 16/43 [poisoned by an orc wizard]
  5718 | D:6      | Found Goumna Paij's Antique Weapon Shop.
  5786 | D:6      | Noticed Dowan
  5834 | D:6      | Found Edatodaf's Assorted Antiques.
  5852 | D:6      | Found Doug Erch's General Store.
  6024 | D:6      | Reached skill level 8 in Dodging
  6034 | D:6      | Found Ymuipp's Armour Boutique.
  6040 | D:6      | Reached skill level 9 in Unarmed Combat
  6160 | D:6      | Found a staircase to the Ecumenical Temple.
  6169 | Temple   | Entered the Ecumenical Temple
  6190 | Temple   | Became a worshipper of Cheibriados the Contemplative
  6232 | D:6      | Reached XP level 9. HP: 44/47 MP: 8/10
  6270 | D:6      | Found a runed translucent door.
  6288 | D:6      | Found a runed translucent door.
  6300 | D:6      | Noticed Vadun's ghost (novice MDFi)
  6374 | D:6      | Reached skill level 9 in Dodging
  6444 | D:6      | Found Peroxaxe's Antique Armour Boutique.
  6450 | D:6      | Bought a warped cloak for 209 gold pieces
  6450 | D:6      | Identified the +0 cloak of the Thistle {Fly rPois rN+
                  | Dex-4} (You bought it in a shop on level 6 of the Dungeon)
  6492 | D:6      | Reached skill level 10 in Unarmed Combat
  6532 | D:6      | Noticed Duvessa
  6545 | D:6      | Killed Duvessa
  6556 | D:6      | Killed Dowan
  6842 | D:7      | Reached * piety under Cheibriados
  6876 | D:7      | Noticed Pikel
  6886 | D:6      | Killed Pikel
  6887 | D:6      | Reached skill level 3 in Fighting
  6887 | D:6      | Reached skill level 10 in Dodging
  6887 | D:6      | Reached skill level 1 in Shields
  6887 | D:6      | Reached skill level 3 in Shapeshifting
  6931 | D:7      | Found Anyr's Self-Improvement Boutique.
  6941 | D:7      | Reached skill level 2 in Shields
  6993 | D:7      | HP: 25/51 [steam dragon/ball of steam (15)]
  7301 | D:7      | Reached skill level 3 in Shields
  7301 | D:7      | Reached XP level 10. HP: 56/56 MP: 11/11
  7428 | D:7      | Found a shimmering altar of Xom.
  7562 | D:7      | Identified the +3 robe of Disguise {rPois rF+ Int+3 Dex-4}
  7665 | D:7      | Found a runed translucent door.
  7666 | D:7      | Noticed Crazy Yiuf
  7940 | D:7      | Killed Crazy Yiuf
  7941 | D:7      | Reached skill level 4 in Fighting
  8018 | D:8      | Reached skill level 4 in Shapeshifting
  8097 | D:8      | You are sucked into a shaft and drop 2 floors!
  8097 | D:10     | Entered Level 10 of the Dungeon
  8213 | D:9      | Reached ** piety under Cheibriados
  8358 | D:8      | Reached skill level 4 in Shields
  8369 | D:8      | Reached skill level 5 in Fighting
  8592 | D:8      | Found a bloodstained altar of Trog.
  8601 | D:8      | Reached skill level 5 in Shapeshifting
  8913 | D:8      | Found a broken altar of Ashenzari.
  8945 | D:9      | Reached *** piety under Cheibriados
  8949 | D:9      | Reached skill level 5 in Shields
  9101 | D:9      | Found a sacrificial altar of Ru.
  9129 | D:9      | Noticed a two-headed ogre
  9135 | D:9      | Killed a two-headed ogre
  9136 | D:9      | Reached skill level 6 in Fighting
  9195 | D:9      | Found a staircase to the Lair.
  9199 | D:9      | Found Ica Risaxero's Book Emporium.
  9199 | D:9      | Noticed a walking frostbound tome
  9199 | D:9      | Noticed a walking crystal tome
  9203 | D:9      | Noticed a two-headed ogre
  9211 | D:9      | Killed a two-headed ogre
  9212 | D:9      | Reached skill level 6 in Shields
  9212 | D:9      | Reached XP level 11. HP: 66/66 MP: 12/12
  9268 | D:9      | Reached skill level 6 in Shapeshifting
  9542 | D:10     | Reached skill level 7 in Fighting
  9718 | D:10     | Found a stormy altar of Qazlal.
 10088 | D:11     | Reached **** piety under Cheibriados
 10114 | D:11     | Noticed a cyclops
 10134 | D:11     | Killed a cyclops
 10158 | D:11     | Found a staircase to the Orcish Mines.
 10203 | D:11     | Noticed a manticore
 10211 | D:11     | Killed a manticore
 10224 | D:11     | Noticed a cyclops
 10241 | D:11     | Killed a cyclops
 10324 | D:11     | Reached skill level 8 in Fighting
 10728 | Lair:1   | Entered Level 1 of the Lair of Beasts
 10737 | Lair:1   | Reached skill level 11 in Dodging
 10737 | Lair:1   | Reached skill level 11 in Unarmed Combat
 11212 | Lair:1   | Reached XP level 12. HP: 63/75 MP: 10/13
 11259 | Lair:1   | Reached skill level 9 in Fighting
 11281 | Lair:1   | Reached ***** piety under Cheibriados
 11885 | Lair:2   | Reached skill level 12 in Dodging
 11885 | Lair:2   | Reached skill level 12 in Unarmed Combat
 11986 | Lair:2   | Noticed Amaemon
 11992 | Lair:2   | Killed Amaemon
 12074 | Lair:2   | Noticed a seven-headed hydra
 12087 | Lair:2   | Killed a seven-headed hydra
 12190 | Lair:2   | Found a staircase to the Shoals.
 12195 | Lair:2   | HP: 35/77 [manticore (9)]
 12197 | Lair:2   | Reached skill level 10 in Fighting
 12953 | Lair:3   | Reached skill level 13 in Dodging
 12953 | Lair:3   | Reached skill level 13 in Unarmed Combat
 12999 | Lair:3   | Noticed Gastronok
 13012 | Lair:3   | Killed Gastronok
 13013 | Lair:3   | Reached XP level 13. HP: 64/82 MP: 10/14
 13282 | Lair:3   | Found a hole to the Spider Nest.
 13293 | Lair:3   | Reached ****** piety under Cheibriados
 14304 | Lair:4   | Reached skill level 14 in Dodging
 14599 | Lair:4   | Reached skill level 14 in Unarmed Combat
 14848 | Lair:4   | Found a staircase to the Slime Pits.
 14848 | Lair:4   | Found a viscous altar of Jiyva.
 14917 | Lair:4   | Noticed Sonja
 14920 | Lair:4   | Sonja changed into Sonja the black bear
 14920 | Lair:4   | Noticed Sonja
 14924 | Lair:4   | Killed Sonja the black bear
 15251 | Lair:5   | Entered Level 5 of the Lair of Beasts
 15387 | Lair:5   | Reached skill level 15 in Dodging
 15387 | Lair:5   | Reached skill level 15 in Unarmed Combat
 15717 | Lair:5   | Reached skill level 16 in Unarmed Combat
 15720 | Lair:5   | Reached XP level 14. HP: 82/88 MP: 13/15
 15798 | Lair:5   | Reached skill level 1 in Invocations
 15813 | Lair:5   | Reached skill level 2 in Invocations
 16014 | Lair:5   | Reached skill level 3 in Invocations
 16152 | Lair:5   | HP: 37/88 [cane toad (15)]
 16155 | Lair:5   | HP: 10/88 [six-headed hydra (10)]
 16157 | Lair:5   | Killed from afar by a rime drake

Illustrated notes

Levels and vault maps discovered:
D:1:      lightli_arrival_quake, layout_loops_corners, serial_shops, shop
D:2:      minmay_evil_eye, layout_basic, kennysheep_generic_room_7, uniq_sigmund
D:3:      layout_loops_corners, uniq_jessica
D:4:      layout_basic, elyvilon_altar_1, grunt_ministairs_1
D:5:      cheibrodos_thug_alley, layout_rooms, abandoned_shop
D:6:      layout_rooms, minmay_temple_entry_butterflies, ebering_ghost_sewer_f,
          serial_shops, shop, shop, nicolae_shop_tiny_real_fake_doors,
          nicolae_shop_tiny_statue_garden, nicolae_shop_rolling_square,
          hangedman_abyss_or_decor_passed, grunt_ministairs_14, uniq_duvessa
D:7:      layout_basic, lemuel_coloured_pillars_altar, nicolae_shop_self_help,
          uniq_pikel, uniq_crazy_yiuf_cottage
D:8:      layout_loops_ring, kennysheep_little_box, bloody_trog
D:9:      layout_roguey, nicolae_ru_awakened_eye, lair_entry_dummy,
          serial_shops, nicolae_shop_mannequins
D:10:     layout_basic, lemuel_tele_altar
D:11:     layout_irregular_city, orc_0_dummy
Temple:   kb_temple_of_zot
Lair:1:   beast_lair_carwin_large_1, layout_layer_cave
Lair:2:   layout_roguey, minmay_shoals_entry_beasts,
          dreamdust_mushroom_princess, uniq_amaemon
Lair:3:   minmay_lair_oklob_tunnel, layout_small_grid,
          nicolae_spider_entry_tight_spaces, uniq_gastronok
Lair:4:   layout_hall_layers, slime_entry_1, lemuel_fruit_fields, uniq_sonja
Lair:5:   minmay_lair_end_frog_pond, layout_loops_ring, minivault_11,
          kennysheep_basilisk_garden

Skill      XL: |  1  2  3  4  5  6  7  8  9 10 11 12 13 14 |
---------------+-------------------------------------------+-----
Unarmed Combat | 4 5 6 7 9 10 11 13 16 | 16.8
Dodging        | 3 4 5 6 8 10 11 13 15 | 15.0
Fighting       | 3 6 8 10 | 10.0
Shields        | 3 6 |  6.0
Shapeshifting  | 3 5 6 |  6.0
Invocations    | 3 |  3.4

Action                     |  1- 3 |  4- 6 |  7- 9 | 10-12 | 13-15 || total
---------------------------+-------+-------+-------+-------+-------++-------
  Melee: Unarmed           |    77 |    91 |   211 |   406 |   302 ||  1087
         Kick              |    17 |    23 |    58 |   167 |   122 ||   387
         Peck              |     6 |    15 |    33 |    91 |    73 ||   218
         Punch             |       |     1 |       |       |       ||     1
  Throw: Dart              |       |    11 |    12 |       |     5 ||    28
         Throwing net      |       |       |     2 |     1 |       ||     3
Ability: Begin Untransform |       |       |       |     1 |       ||     1
  Evoke: Wand              |       |     2 |     7 |     3 |     3 ||    15
    Use: Potion            |       |       |     2 |       |     3 ||     5
         Scroll            |       |       |       |       |     2 ||     2
   Stab: Sleeping          |     2 |       |       |     2 |     1 ||     5
         Held in net/web   |       |       |       |     2 |       ||     2
 Armour: Animal skin       |     8 |       |       |       |       ||     8
         Chain mail        |    11 |     2 |       |       |       ||    13
         Leather armour    |       |    24 |    12 |       |       ||    36
         Ring mail         |       |       |    60 |    64 |    77 ||   201
  Dodge: Dodged            |    42 |    54 |   156 |   226 |   219 ||   697
  Block: Buckler           |       |       |    37 |     1 |       ||    38
         Kite shield       |       |       |       |   257 |   224 ||   481

Table legend: (Time is in decaauts)
 A = Elapsed time spent in this place.
 B = Non-inter-level travel time spent in this place.
 C = Inter-level travel time spent in this place.
 D = Time resting spent in this place.
 E = Time spent auto-exploring this place.
 F = Levels seen in this place.
 G = Mean time per level.
                   A        B        C        D        E       F      G
               +--------+--------+--------+--------+--------+-----+--------+
         Total |  21447 |  18867 |   2580 |    963 |  14782 |  17 | 1261.6 |
       Dungeon |  12496 |  10838 |   1658 |    632 |   8304 |  11 | 1136.0 |
        Temple |     46 |      1 |     45 |      0 |      0 |   1 |   46.0 |
          Lair |   8905 |   8030 |    875 |    331 |   6477 |   5 | 1781.0 |
               +--------+--------+--------+--------+--------+-----+--------+

Top non-repeatable levels by time:
  Lair:3: 2485 daAuts
  Lair:1: 1894 daAuts
  Lair:4: 1862 daAuts
  Lair:2: 1813 daAuts
     D:7: 1495 daAuts
     D:1: 1370 daAuts
     D:4: 1358 daAuts
     D:6: 1227 daAuts
     D:3: 1189 daAuts
    D:11: 1163 daAuts
     D:8: 1083 daAuts
     D:5: 950 daAuts
     D:9: 910 daAuts
     D:2: 873 daAuts
    D:10: 873 daAuts
